 Dungeon Crawl Stone Soup version 0.32-a0-22-g6ae6769602 (webtiles) character file.

Game seed: 9126169578728599765

25 IdlyInterested the Trooper (level 2, 0/24 HPs)
             Began as a Demonspawn Fighter on Jan 18, 2024.
             Slain by a gnoll
             ... wielding a +0 spear
              (7 damage)
             ... on level 2 of the Dungeon.
             The game lasted 00:02:27 (1051 turns).

IdlyInterested the Trooper (Demonspawn Fighter)     Turns: 1051, Time: 00:02:28

Health: 0/24       AC:  8    Str: 16    XL:     2   Next: 86%
Magic:  2/2        EV:  9    Int:  8    God:
Gold:   45         SH:  4    Dex: 12    Spells: 1/1 levels left

rFire   . . .        k - +0 whip (drain)
rCold   . . .        b - +0 buckler
rNeg    . . .        a - +0 scale mail
rPois   .            q - +0 helmet
rElec   .            (no cloak)
rCorr   .            (no gloves)
SInv    +            j - +0 pair of boots
Will    .....        (no amulet) Stlth
                     n - ring of see invisible
HPRegen 0.24/turn    (no ring)
MPRegen 0.08/turn

%: no passive effects
@: no status effects
A: spiny 1
a: no special abilities


You were on level 2 of the Dungeon.
You visited 1 branch of the dungeon, and saw 2 of its levels.

You collected 45 gold pieces.

Inventory:

Hand Weapons
 e - a +0 hand axe
 i - a +0 dagger
 k - a +0 whip of draining (weapon)
 r - a +0 trident
Missiles
 d - 17 stones (quivered)
 m - 10 poisoned darts
Armour
 a - a +0 scale mail (worn)
 b - a +0 buckler (worn)
 f - an orb of energy
 j - a +0 pair of boots (worn)
 q - a +0 helmet (worn)
Jewellery
 n - a ring of see invisible (left hand)
Talismans
 p - a beast talisman
Scrolls
 h - a scroll of revelation {unknown}
 l - 2 scrolls of poison
 o - a scroll of immolation
Potions
 c - 2 potions of might
 g - a potion of curing {unknown}


   Skills:
 + Level 3.4 Fighting
 * Level 0.7 Throwing
 - Level 2.6 Armour
 - Level 1.0 Dodging
 - Level 1.0 Stealth
 - Level 2.6 Shields
 - Level 1.7 Unarmed Combat


You had one spell level left.
You didn't know any spells.
Your spell library contained the following spells:

 Spells                   Type           Power      Damage    Failure   Level
 Apportation              Tloc           0%         N/A       90%         1
 Jinxbite                 Hex            0%         N/A       97%         2
 Alistair's Intoxication  Alch           0%         N/A       100%        5


Dungeon Overview and Level Annotations

Branches:
Dungeon (2/15)

Altars:


Innate Abilities, Weirdness & Mutations

You are partially covered in sharp spines.


Message History

Press: ? - help, Q - select action, (/) - cycle Shift-Dir - straight line, f/p - gnoll
Aim: a gnoll, wielding a +0 halberd (58% to hit)
You throw a stone. The stone closely misses the gnoll. x2
The gnoll hits you from afar with a +0 halberd.
A gnoll comes into view. It is wielding a +0 spear.
The gnoll is struck by your spines. The gnoll hits you with a +0 halberd.
You completely miss the gnoll.
The gnoll is lightly wounded.
The gnoll hits you with a +0 halberd.
You closely miss the gnoll.
The gnoll is lightly wounded.
The gnoll barely misses you. The gnoll attacks as it pursues you!
The gnoll is struck by your spines. The gnoll barely misses you.
The gnoll attacks as it pursues you! The gnoll closely misses you.
You hit the gnoll but do no damage. You drain the gnoll.
The gnoll is heavily wounded.
The gnoll hits you with a +0 flail.
You hit the gnoll but do no damage.
The gnoll is heavily wounded.
You block the gnoll's attack. The gnoll hits you with a +0 flail.
You hit the gnoll but do no damage.
The gnoll is heavily wounded.
The gnoll hits you but does no damage. x2
You hit the gnoll. You drain the gnoll.
The gnoll is almost dead.
The gnoll hits you but does no damage. x2
You completely miss the gnoll.
The gnoll is almost dead.
You block the gnoll's attack. The gnoll closely misses you.
You barely miss the gnoll.
The gnoll is almost dead.
The gnoll barely misses you.
The gnoll hits you from afar with a +0 spear.
* * * LOW HITPOINT WARNING * * *
Unknown command.
You hit the gnoll but do no damage. You drain the gnoll.
You kill the gnoll!
The gnoll hits you from afar with a +0 spear!
You die...

#..#..#####.#
#.....#####.########
#..#....[...........
##....######.#######
##.#.# #.# #.#.# #.#
#.#.# ##.##
#.#.#####.#.#######.##[.
#.#......###..@)gg......
#.#######.#.######...#..
##.## .#!# #.# # #.# #.#
# #. #.# #.#.# #.#
##.#.## #..


You could see 2 gnolls.

Vanquished Creatures
  A gnoll (D:2)
  3 dart slugs
  A ball python (D:2)
  An endoplasm (D:2)
  2 giant cockroaches (D:1)
  2 goblins (D:1)
  4 jackals (D:2)
  2 kobolds
  A bat (D:2)
  A frilled lizard (D:1)
  A rat (D:1)
19 creatures vanquished.

Notes
Turn   | Place    | Note
-------+----------+-------------------------------------------
     0 | D:1      | IdlyInterested the Demonspawn Fighter began the quest for
                  | the Orb.
     0 | D:1      | Reached XP level 1. HP: 18/18 MP: 1/1
   213 | D:1      | Reached skill level 1 in Dodging
   324 | D:1      | Gained mutation: You are partially covered in sharp spines.
                  | [demonic ancestry]
   324 | D:1      | Reached XP level 2. HP: 21/24 MP: 2/2
   769 | D:2      | Reached skill level 1 in Stealth
  1051 | D:2      | Slain by a gnoll

Illustrated notes

Levels and vault maps discovered:
D:1:      dpeg_arrival_rhombi, layout_loops_cross
D:2:      layout_loops_ring, shapermc_ecumenical_altar_petra

Skill      XL: |  1  2 |
---------------+-------+-----
Dodging        | 1 |  1.0
Stealth        | 1 |  1.0
Fighting       | |  3.4
Throwing       | |  0.7
Armour         | |  2.6
Shields        | |  2.6
Unarmed Combat | |  1.7

Action                     || total
---------------------------++-------
  Melee: Unarmed           ||    26
         Whip              ||    29
  Throw: Stone             ||     3
    Use: Scroll            ||     2
 Armour: Scale mail        ||    38
  Dodge: Dodged            ||    21
  Block: Buckler           ||    10

Table legend: (Time is in decaauts)
 A = Elapsed time spent in this place.
 B = Non-inter-level travel time spent in this place.
 C = Inter-level travel time spent in this place.
 D = Time resting spent in this place.
 E = Time spent auto-exploring this place.
 F = Levels seen in this place.
 G = Mean time per level.
                   A        B        C        D        E       F      G
               +--------+--------+--------+--------+--------+-----+--------+
         Total |   1053 |   1029 |     24 |    107 |    682 |   2 |  526.5 |
       Dungeon |   1053 |   1029 |     24 |    107 |    682 |   2 |  526.5 |
               +--------+--------+--------+--------+--------+-----+--------+

Top non-repeatable levels by time:
     D:1: 762 daAuts
     D:2: 291 daAuts
